 Dungeon Crawl Stone Soup version 0.20.1-1-g8b1a95d (webtiles) character file.

7515 keltmir the Transmogrifier (level 10, 0/86 HPs)
             Began as a Red Draconian Transmuter on Oct 30, 2017.
             Was a Believer of Makhleb.
             Slain by a killer bee (12 damage)
             ... on level 9 of the Dungeon.
             The game lasted 01:03:27 (13968 turns).

keltmir the Transmogrifier (DrTm)                  Turns: 13968, Time: 01:03:27

Health: 0/86       AC: 10    Str: 12    XL:     10   Next: 95%
Magic:  17/17      EV: 14    Int: 18    God:    Makhleb [**....]
Gold:   424        SH:  0    Dex: 11    Spells: 9/18 levels left

rFire    + . .     SeeInvis .     - Unarmed
rCold    . . .     Gourm    .   (shield currently unavailable)
rNeg     . . .     Faith    .   (armour unavailable)
rPois    .         Spirit   .   (helmet restricted)
rElec    .         Reflect  .   v - +0 cloak
rCorr    .         Harm     .   (gloves currently unavailable)
MR       .....                  r - +1 pair of boots
Stlth    ++........             o - amulet of magic regeneration
Regen    0.3/turn               D - ring of stealth
MPRegen  0.3/turn               (no ring)

@: lethally poisoned (0 -> -2), short of breath, blade hands (expiring)
A: breathe fire, unfitting armour, fire resistance 1, cold-blooded, AC +7
a: Breathe Fire, End Transformation, Minor Destruction, Renounce Religion


You were on level 9 of the Dungeon.
You worshipped Makhleb.
Makhleb was pleased with you.
You were hungry.
You had blades for hands.
You visited 2 branches of the dungeon, and saw 11 of its levels.

You collected 424 gold pieces.

Inventory:

Missiles
 a - 12 arrows
 n - 32 poisoned needles
Armour
 r - a +1 pair of boots (worn)
 v - a +0 cloak (worn)
Jewellery
 o - an amulet of magic regeneration (around neck)
 u - an uncursed ring of ice
 D - a ring of stealth (left scythe-like blade)
Wands
 y - a wand of iceblast (3/15)
 z - a wand of confusion (25/48)
 G - a wand of random effects (22/48)
 I - a wand of paralysis (9/24)
Scrolls
 d - a scroll of teleportation
 e - 2 scrolls of enchant weapon
 g - a scroll of immolation
 h - 6 scrolls of remove curse
 i - 3 scrolls of fear
 j - a scroll of recharging {unknown}
 l - 2 scrolls of enchant armour
 m - 2 scrolls of fog {unknown}
 q - a scroll of magic mapping {unknown}
 t - 2 scrolls of amnesia {unknown}
Potions
 f - a potion of ambrosia
 k - 2 potions of might
 p - 2 potions of mutation
 w - a potion of lignification {unknown}
 A - a potion of curing
 B - a potion of degeneration {unknown}
 E - a potion of agility {unknown}
 F - 2 potions of invisibility
Books
 b - a book of Changes

   Spells                             Type                      Level
   a - Beastly Appendage              Transmutation                1
   b - Sticks to Snakes               Transmutation                2
   c - Spider Form                    Transmutation/Poison         3
   d - Ice Form                       Ice/Transmutation            4
   e - Blade Hands                    Transmutation                5
Comestibles
 s - 2 royal jellies
 x - 3 fruits
 C - a meat ration
 H - a bread ration


   Skills:
 + Level 7.4 Fighting
 + Level 4.8 Dodging
 * Level 8.4 Unarmed Combat
 + Level 4.9 Spellcasting
 + Level 11.4 Transmutations


You had 9 spell levels left.
You knew the following spells:

 Your Spells              Type           Power        Failure   Level  Hunger
a - Beastly Appendage     Tmut           #####.       8%          1    None
b - Spider Form           Tmut/Pois      ####......   28%         3    ###....
c - Blade Hands           Tmut           #####.....   26%         5    ######.


Dungeon Overview and Level Annotations

Branches:
Dungeon (10/15)            Temple (1/1) D:6            Lair (0/6) D:8
    Orc: D:9-12

Altars:
Ashenzari
Fedhas
Gozag
Hepliaklqana
Kikubaaqudgha
Makhleb
Nemelex Xobeh
Okawaru
Qazlal
Ru
Sif Muna
Trog
Uskayaw
Vehumet
Xom
Yredelemnul
The Shining One

Shops:
D:5 (

Annotations:
D:10 Ratty's ghost, journeyman MiBe


Innate Abilities, Weirdness & Mutations

You can breathe blasts of fire.
Your fiery red scales are hard. (AC +7)
You cannot fit into any form of body armour.
Your flesh is heat resistant. (rF+)
You are cold-blooded and may be slowed by cold attacks.


Message History

* * * LOW HITPOINT WARNING * * *
You feel better. The killer bee closely misses you. x2
The killer bee stings you but does no damage.
As you read the scroll of fear, it crumbles to dust.
You assume a fearsome visage.
The killer bee looks frightened!
The queen bee looks frightened!
The killer bee stings you.
* * * LOW HITPOINT WARNING * * *
The killer bee stings you.
* * * LOW HITPOINT WARNING * * *
You are poisoned.
The killer bee poisons you! The killer bee barely misses you.
You slash the killer bee!
The killer bee is almost dead.
You feel sick. The killer bee closely misses you.
The killer bee stings you but does no damage.
The killer bee closely misses you.
You closely miss the killer bee.
The killer bee is almost dead.
You feel sick. The killer bee barely misses you. The killer bee stings you!
You die...

..#####... #.#
#.# .# #. #.#
... .. #.#
.##. ##. #.#
## #.. #.# #..
#.### ###..
#...#
#....#####.###
#.†y@....#
#.######## #.#
#yy# #y## %.
... #... #%%%


You could see a killer bee (berserk).

Vanquished Creatures
  Pikel (D:7)
  The ghost of Ymberto the Thaumaturge, a novice DECj of Sif Muna (D:6)
  Psyche (D:8)
  A komodo dragon (D:8)
  A troll (D:9)
  Grinder (D:3)
  A hippogriff (D:9)
  3 yaks
  A wyvern (D:8)
  Grum (D:8)
  The ghost of Linguinho the Sneak, an amateur DsAs (D:4)
  A water moccasin (D:8)
  An ice beast (D:7)
  2 sky beasts
  2 black bears
  A swamp drake (D:8)
  2 orc warriors
  A slave (D:7)
  2 ogres (D:7)
  3 phantoms
  3 wolves
  3 crocodiles (D:8)
  A big kobold (D:7)
  3 bullfrogs
  A gnoll sergeant (D:6)
  3 scorpions
  34 killer bees
  2 wights (D:7)
  A howler monkey (D:5)
  2 bullfrog zombies (D:7)
  A crimson imp (D:5)
  A centaur zombie (D:5)
  A bullfrog skeleton (D:5)
  2 hounds
  2 orc priests
  A centaur skeleton (D:7)
  An iguana (D:5)
  10 orc wizards
  5 worker ants
  A hound skeleton (D:9)
  5 adders
  6 gnolls
  2 shadow imps
  An ooze (D:3)
  An adder zombie (D:6)
  5 worms
  2 dart slugs
  4 leopard geckos
  22 orcs
  A ball python (D:1)
  9 bats
  2 bat zombies (D:3)
  8 giant cockroaches
  8 goblins
  5 hobgoblins
  13 jackals
  17 kobolds
  6 quokkas
  2 frilled lizards
  A leopard gecko zombie (D:7)
  5 rats
231 creatures vanquished.

Vanquished Creatures (others)
  2 slaves (D:7)
  A wight (D:7)
  An orc (D:6)
4 creatures vanquished.

Grand Total: 235 creatures vanquished

Notes
Turn   | Place    | Note
-------+----------+-------------------------------------------
     0 | D:1      | keltmir the Draconian Transmuter began the quest for the Orb.
     0 | D:1      | Reached XP level 1. HP: 16/16 MP: 3/3
   177 | D:1      | Reached XP level 2. HP: 9/23 MP: 5/5
   388 | D:1      | Reached skill level 3 in Transmutations
   999 | D:1      | Reached XP level 3. HP: 26/28 MP: 6/6
  1017 | D:1      | Learned a level 3 spell: Spider Form
  1765 | D:2      | Found a stormy altar of Qazlal.
  1911 | D:3      | Reached skill level 4 in Transmutations
  1922 | D:3      | Found an ancient bone altar of Kikubaaqudgha.
  2516 | D:3      | Reached XP level 4. HP: 35/35 MP: 1/7
  3832 | D:4      | Noticed a phantom
  4118 | D:3      | Reached skill level 5 in Transmutations
  4236 | D:3      | Noticed Grinder
  4268 | D:3      | Killed Grinder
  4268 | D:3      | Reached skill level 6 in Transmutations
  4268 | D:3      | Reached XP level 5. HP: 28/40 MP: 3/8
  4268 | D:3      | Reached XP level 6. HP: 33/47 MP: 3/9
  5039 | D:4      | Noticed Linguinho's ghost (amateur DsAs)
  5081 | D:4      | Killed Linguinho's ghost
  5081 | D:4      | Reached skill level 7 in Transmutations
  5446 | D:4      | Your scales start taking on a fiery red colour.
  5446 | D:4      | Reached XP level 7. HP: 34/56 MP: 4/10
  5446 | D:4      | Gained mutation: Your flesh is heat resistant. (rF+) [Red Draconian growth]
  6016 | D:5      | Entered Level 5 of the Dungeon
  6957 | D:5      | Reached skill level 8 in Transmutations
  7218 | D:5      | Reached XP level 8. HP: 56/64 MP: 8/11
  7352 | D:5      | Found Feqesero's Antique Weapon Boutique.
  7359 | D:5      | Learned a level 5 spell: Blade Hands
  7611 | D:6      | Noticed Ymberto's ghost (novice DECj)
  8085 | D:6      | Killed Ymberto's ghost
  8085 | D:6      | Reached skill level 5 in Unarmed Combat
  8085 | D:6      | Reached skill level 9 in Transmutations
  8392 | D:6      | Found a staircase to the Ecumenical Temple.
  8407 | Temple   | Entered the Ecumenical Temple
  8430 | Temple   | Became a worshipper of Makhleb the Destroyer
  8711 | D:6      | Reached skill level 5 in Fighting
  9804 | D:7      | Reached XP level 9. HP: 74/74 MP: 6/12
 10589 | D:8      | Noticed Psyche
 10883 | D:7      | Reached skill level 10 in Transmutations
 10889 | D:7      | Found a shimmering altar of Xom.
 10936 | D:7      | Noticed Pikel
 10941 | D:7      | Killed Pikel
 10976 | D:7      | Reached * piety under Makhleb
 11828 | D:8      | Killed Psyche
 11828 | D:8      | Reached XP level 10. HP: 63/84 MP: 12/15
 12893 | D:8      | Reached skill level 11 in Transmutations
 12911 | D:8      | Reached ** piety under Makhleb
 13077 | D:8      | Found a staircase to the Lair.
 13291 | D:10     | Entered Level 10 of the Dungeon
 13299 | D:10     | Noticed Ratty's ghost (journeyman MiBe)
 13370 | D:9      | Noticed Grum
 13488 | D:8      | Killed Grum
 13968 | D:9      | Slain by a killer bee

Skill      XL: |  1  2  3  4  5  6  7  8  9 10 |
---------------+-------------------------------+-----
Transmutations | 3 4 6 7 8 9 10 11 | 11.4
Fighting       | 2 3 5 6 7 |  7.4
Unarmed Combat | 4 5 6 8 |  8.4
Dodging        | 2 3 4 |  4.8
Spellcasting   | 3 4 |  4.9

Action                   |  1- 3 |  4- 6 |  7- 9 | 10-12 || total
-------------------------+-------+-------+-------+-------++-------
Melee: Unarmed           |   159 |   181 |   299 |   190 ||   829
       Tailslap          |    13 |     7 |    23 |    13 ||    56
       Headbutt          |     2 |     5 |     2 |     1 ||    10
       Punch             |     2 |     1 |     4 |     5 ||    12
       Kick              |     2 |       |       |       ||     2
 Cast: Beastly Appendage |     6 |     3 |     4 |     1 ||    14
       Spider Form       |     4 |    16 |    16 |       ||    36
       Blade Hands       |       |       |    25 |    14 ||    39
 Abil: Breathe Fire      |       |       |     9 |    10 ||    19
  Use: Scroll            |     1 |     7 |     5 |     4 ||    17
       Potion            |       |     1 |     2 |     1 ||     4
 Stab: Sleeping          |       |     1 |       |     1 ||     2
       Invisible         |       |       |     1 |       ||     1
  Eat: Chunk             |     3 |     7 |    21 |    14 ||    45
       Bread ration      |     1 |       |     3 |       ||     4
       Royal jelly       |       |     1 |       |       ||     1
       Fruit             |       |       |     1 |       ||     1
Armor: Skin              |    66 |    44 |    82 |    62 ||   254
Dodge: Dodged            |   140 |   102 |   202 |   157 ||   601
